 Dungeon Crawl Stone Soup version 0.31.0-2-g5a2aebc5c2 (webtiles) character file.

Game seed: 3663156525589170156

121 ssalbiz the Chopper (level 4, 0/39 HPs)
             Began as a Minotaur Berserker on Jan 20, 2024.
             Was a Believer of Trog.
             Slain by Ijyb
             ... wielding a +0 club
              (4 damage)
             ... on level 3 of the Dungeon.
             The game lasted 00:01:24 (1995 turns).

ssalbiz the Chopper (Minotaur Berserker)            Turns: 1995, Time: 00:01:25

Health: 0/39       AC:  2    Str: 24    XL:     4   Next: 77%
Magic:  3/3        EV: 12    Int:  4    God:    Trog [**....]
Gold:   52         SH:  0    Dex:  9    Spells: 3/3 levels left

rFire   . . .        a - +0 hand axe
rCold   . . .        (no shield)
rNeg    . . .        b - +0 animal skin
rPois   .            (helmet restricted)
rElec   .            (no cloak)
rCorr   .            (no gloves)
SInv    .            (no boots)
Will    .....        (no amulet)
Stlth   +            (no ring)
HPRegen 0.26/turn    (no ring)
MPRegen 0.08/turn

%: no passive effects
@: confused
A: horns 2, retaliatory headbutt
a: Renounce Religion, Berserk, Trog's Hand


You were on level 3 of the Dungeon.
You worshipped Trog.
Trog was pleased with you.
You visited 1 branch of the dungeon, and saw 3 of its levels.

You collected 52 gold pieces.

Inventory:

Hand Weapons
 a - a +0 hand axe (weapon)
Armour
 b - a +0 animal skin (worn)
Jewellery
 c - a ring of see invisible
Scrolls
 d - a scroll of teleportation {unknown}
 e - 2 scrolls of amnesia {unknown}
 h - a scroll of identify {unknown}
Potions
 f - a potion of berserk rage {unknown}
 g - a potion of lignification {unknown}


   Skills:
 - Level 3.6 Fighting
 + Level 6.7 Axes
 - Level 2.4 Armour
 - Level 2.1 Dodging


You had 3 spell levels left.
You didn't know any spells.
Your spell library was empty.

Dungeon Overview and Level Annotations

Branches:
Dungeon (3/15)

Altars:

Annotations:
D:3 Ijyb


Innate Abilities, Weirdness & Mutations

You have a pair of horns on your head.
You reflexively headbutt those who attack you in melee.


Message History

You're too confused to move!
Ijyb zaps a wand.
Your will is overpowered!
You are more confused.
The orc hits you with a +0 club. The goblin closely misses you.
You hit Ijyb.
Ijyb is lightly wounded.
You closely miss the orc. You miss the goblin.
Ijyb screams, "Me very upset!"
Ijyb hits you with a +0 club. The orc hits you with a +0 club.
The goblin hits you with a +0 club.
Unknown command.
Unknown command.
You bump into the rock wall.
The orc hits you with a +0 club. The goblin hits you but does no damage.
Ijyb hits you with a +0 club.
You bump into the rock wall.
Ijyb screams, "I dance on your bones!"
Ijyb zaps a wand.
Your will is overpowered!
You are more confused.
The orc hits you with a +0 club.
* * * LOW HITPOINT WARNING * * *
The orc priest calls down the wrath of Beogh upon you.
Pain shoots through your body!
* * * LOW HITPOINT WARNING * * *
The goblin barely misses you.
You bump into the rock wall.
Ijyb screams, "Die!"
Ijyb hits you with a +0 club.
* * * LOW HITPOINT WARNING * * *
The orc hits you with a +0 club.
* * * LOW HITPOINT WARNING * * *
The orc priest barely misses you. The goblin closely misses you.
You barely miss the orc priest. Your headbutt misses the orc priest.
You hit the orc. You miss the goblin. You hit Ijyb. Ijyb completely misses you.
The goblin barely misses you. The orc barely misses you.
The orc priest barely misses you.
Unknown command.
You barely miss the orc. Your headbutt misses the orc.
The orc is severely wounded.
You completely miss the goblin. You hit Ijyb. You closely miss the orc priest.
Ijyb hits you with a +0 club.
You die...

# #.# #.#. . #...
..#...#
......o########
#..ogo.......
#g@..#.#
#..###o...#####
o.o.oo....#....#
....#####......#
.# #.#....#
#......# ##.....#
#. ####.†########
...######.........


You could see Ijyb, an orc priest, 3 orcs and a goblin.

Vanquished Creatures
  Terence (D:2)
  4 adders
  A ribbon worm (D:2)
  A dart slug (D:2)
  5 endoplasms
  4 giant cockroaches
  5 goblins
  2 hobgoblins
  6 jackals (D:1)
  4 kobolds
  2 quokkas (D:1)
  3 ball pythons (D:1)
  4 bats (D:2)
  4 frilled lizards (D:1)
  4 rats
50 creatures vanquished.

Notes
Turn   | Place    | Note
-------+----------+-------------------------------------------
     0 | D:1      | ssalbiz the Minotaur Berserker began the quest for the Orb.
     0 | D:1      | Reached XP level 1. HP: 19/19 MP: 0/0
   215 | D:1      | Reached skill level 4 in Axes
   498 | D:1      | Reached XP level 2. HP: 13/26 MP: 1/1
   710 | D:1      | Found a faded altar of an unknown god.
   837 | D:1      | Reached skill level 5 in Axes
   845 | D:1      | Reached XP level 3. HP: 21/31 MP: 2/2
  1244 | D:2      | Reached ** piety under Trog
  1388 | D:2      | Noticed Terence
  1394 | D:2      | Killed Terence
  1395 | D:2      | Reached skill level 6 in Axes
  1395 | D:2      | Reached XP level 4. HP: 39/39 MP: 3/3
  1983 | D:3      | Noticed Ijyb
  1995 | D:3      | Slain by Ijyb

Illustrated notes

Levels and vault maps discovered:
D:1:      dpeg_arrival_rhombi, layout_loops_corners,
          shapermc_ecumenical_altar_petra, chequers_serial_rivers_small_3,
          minmay_pentomino_p4
D:2:      layout_basic, uniq_terence
D:3:      layout_rooms, uniq_ijyb

Skill      XL: |  1  2  3 |
---------------+----------+-----
Axes           | 4 5 6 |  6.7
Fighting       | |  3.6
Armour         | |  2.4
Dodging        | |  2.1

Action                     |  1- 3 |  4- 6 || total
---------------------------+-------+-------++-------
  Melee: Hand axe          |    75 |    30 ||   105
         Headbutt          |    11 |     7 ||    18
 Invoke: Berserk           |     2 |       ||     2
   Stab: Sleeping          |       |     1 ||     1
 Armour: Animal skin       |    42 |    24 ||    66
  Dodge: Dodged            |    68 |    21 ||    89
